 Dungeon Crawl Stone Soup version 0.19-a0-1007-g133f65f (webtiles) character file.

226 Implojin the Ruffian (level 5, 0/50 HPs)
             Began as a Troll Fighter on July 19, 2016.
             Was an Initiate of Cheibriados.
             Succumbed to a scorpion's poison
             ... on level 5 of the Dungeon.
             The game lasted 00:03:47 (622 turns).

Implojin the Ruffian (Troll Fighter)                 Turns: 622, Time: 00:03:48

Health: 0/50       AC:  5    Str: 30    XL:     5   Next: 69%
Magic:  4/4        EV:  8    Int:  5    God:    Cheibriados [......]
Gold:   13         SH:  9    Dex: 11    Spells: 0 memorised, 4 levels left

rFire  . . .     SeeInvis .       - Unarmed
rCold  . . .     Gourm    +     a - +0 robe
rNeg   . . .     Faith    .     b - +0 shield
rPois  .         Spirit   .     (helmet restricted)
rElec  .         Dismiss  .     (no cloak)
rCorr  .         Reflect  .     (gloves unavailable)
SustAt .         Harm     .     (boots unavailable)
MR     .....                    (no amulet)
Stlth  +.........               (no ring)
                                (no ring)

@: mighty, lethally poisoned (0 -> 0), flying, slowed, very slow, not resistant
to hostile enchantments, very unstealthy
A: unfitting armour, claws 3, fast metabolism 3, gourmand, regeneration 2,
shaggy fur 1, tough skin 2
a: Bend Time, Renounce Religion


You were on level 5 of the Dungeon.
You worshipped Cheibriados.
Cheibriados was noncommittal.
You were very full.

You visited 2 branches of the dungeon, and saw 6 of its levels.

You collected 13 gold pieces.

Inventory:

Armour
 a - a +0 robe (worn)
 b - a +0 shield (worn)
Wands
 l - a wand of confusion (29/48)
Scrolls
 e - 2 scrolls of teleportation {unknown}
 g - 2 scrolls of identify {unknown}
 h - a scroll of random uselessness {unknown}
 k - a scroll of enchant armour {unknown}
Potions
 j - a potion of degeneration {unknown}
Comestibles
 d - 2 bread rations
 i - a beef jerky


   Skills:
 - Level 2.4 Fighting
 - Level 2.4 Dodging
 - Level 2.4 Shields
 * Level 6.0 Unarmed Combat


You had 4 spell levels left.
You didn't know any spells.

Dungeon Overview and Level Annotations

Branches:
Dungeon (5/15)             Temple (1/1) D:4

Altars:
Ashenzari
Cheibriados
Dithmenos
Gozag
Makhleb
Pakellas
Ru
Vehumet
Xom
The Shining One


Innate Abilities, Weirdness & Mutations

You are too large for most types of armour.
You have claws for hands.
Your metabolism is lightning-fast.
You like to eat raw meat.
You heal very quickly.
You are covered in fur. (AC +1)
You have very tough skin. (AC +2)


Message History

The hound closely misses you. The giant newt barely misses you.
The orc hits you with a flail.
* * * LOW HITPOINT WARNING * * *
You block the hound's attack. The quokka skeleton barely misses you.
Unknown command.
You claw the hound!
The hound is severely wounded.
The hound bites you.
* * * LOW HITPOINT WARNING * * *
You block the giant newt's attack. The orc hits you but does no damage.
The scorpion closely misses you.
The quokka skeleton bites you but does no damage.
The orc hits you but does no damage. You block the hound's attack.
The giant newt bites you.
* * * LOW HITPOINT WARNING * * *
The orc hits you with an enchanted dagger.
* * * LOW HITPOINT WARNING * * *
The scorpion stings you.
* * * LOW HITPOINT WARNING * * *
You are poisoned.
The scorpion poisons you!
You feel mightier all of a sudden.
You feel sick. The hound bites you.
* * * LOW HITPOINT WARNING * * *
The quokka skeleton bites you.
* * * LOW HITPOINT WARNING * * *
The orc closely misses you.
The giant newt hisses menacingly.
The giant newt bites you but does no damage.
You block the hound's attack. You block the orc's attack.
The scorpion stings you but does no damage.
The quokka skeleton closely misses you.
The orc wizard mumbles some strange words.
The orc wizard blinks!
Unknown command.
Unknown command.
It was a potion of flight.
You feel very buoyant.
You fly up into the air.
You die...

#..# .#
#..####.
+......
#.....
#....# .
#.ยง..##...
#Zso..o...
#.@o......
#l.h......
#...######
.....
......#
.####### #.
.


You could see a scorpion, a hound, an orc wizard, 2 orcs, a giant newt and a
quokka skeleton.

Vanquished Creatures
  Edmund (D:5)
  A hound (D:4)
  An orc wizard (D:5)
  Robin (D:2)
  A worm (D:2)
  A giant cockroach (D:2)
  8 goblins (D:2)
  4 hobgoblins
  7 jackals
  3 bats (D:1)
  3 giant newts
  4 kobolds
  A rat (D:1)
36 creatures vanquished.

Notes
Turn   | Place    | Note
-------+----------+-------------------------------------------
     0 | D:1      | Implojin the Troll Fighter began the quest for the Orb.
     0 | D:1      | Reached XP level 1. HP: 22/22 MP: 0/0
    89 | D:1      | Reached XP level 2. HP: 29/29 MP: 1/1
   103 | D:1      | Reached skill level 3 in Unarmed Combat
   255 | D:2      | Noticed Robin
   267 | D:2      | Reached XP level 3. HP: 28/36 MP: 2/2
   277 | D:2      | Killed Robin
   347 | D:4      | Reached skill level 4 in Unarmed Combat
   375 | D:4      | Found a staircase to the Ecumenical Temple.
   391 | Temple   | Entered the Ecumenical Temple
   438 | Temple   | Became a worshipper of Cheibriados the Contemplative
   592 | D:4      | Reached XP level 4. HP: 38/44 MP: 3/3
   607 | D:5      | Entered Level 5 of the Dungeon
   607 | D:5      | Noticed Edmund
   612 | D:5      | Killed Edmund
   612 | D:5      | Reached skill level 5 in Unarmed Combat
   612 | D:5      | Reached XP level 5. HP: 29/50 MP: 4/4
   613 | D:5      | Reached skill level 6 in Unarmed Combat
   621 | D:5      | HP: 1/50 [quokka skeleton (3)]
   622 | D:5      | Succumbed to a scorpion's poison

Vault maps used:
D:1:      dpeg_arrival_rhombus
D:2:      old_standard_altar, grunt_ministairs_3, uniq_robin
D:3:      kennysheep_generic_room_11, uniq_grinder
D:4:      serial_shops, nicolae_shop_competitors_out_of_business
D:5:      kennysheep_big_flooded_room, grunt_qazlal_clouds, first_bread,
          kennysheep_minor_cross, uniq_edmund
Temple:   cyrus_temple_forest

Skill      XL: |  1  2  3  4  5 |
---------------+----------------+-----
Unarmed Combat | 3 4 5 6 |  6.0
Fighting       | |  2.4
Dodging        | |  2.4
Shields        | |  2.4

Action                   |  1- 3 |  4- 6 || total
-------------------------+-------+-------++-------
Melee: Unarmed           |   107 |    12 ||   119
  Use: Potion            |       |     3 ||     3
  Eat: Chunk             |     7 |     3 ||    10
Armor: Robe              |    53 |    11 ||    64
Dodge: Dodged            |    42 |    18 ||    60
Block: Shield            |    69 |    18 ||    87

Table legend:
 A = Turns spent in this place as a percentage of turns spent in the entire game.
 B = Non-inter-level travel turns spent in this place as a percentage of non-inter-level travel turns spent in the entire game.
 C = Inter-level travel turns spent in this place as a percentage of turns spent in this place.
 D = Turns resting spent in this place as a percentage of non-inter-level travel turns spent in this place.
 E = Turns spent auto-exploring this place as a percentage of non-inter-level travel turns spent in this place.
 F = Non-inter-level travel turns spent in this place divided by the number of levels of this place that you've seen.
                   A       B       C       D       E      F
               +-------+-------+-------+-------+-------+----------------------
         Total | 100.0 | 100.0 |   0.0 |   0.0 |   0.0 | 104.3
       Dungeon |  82.9 |  82.9 |   0.0 |   0.0 |   0.0 | 103.8
        Temple |  17.1 |  17.1 |   0.0 |   0.0 |   0.0 | 107.0
               +-------+-------+-------+-------+-------+----------------------

Table legend:
 A = Kills in this place as a percentage of kills in entire the game.
 B = Kills by you in this place as a percentage of kills by you in the entire game.
 C = Kills by friends in this place as a percentage of kills by friends in the entire game.
 D = Other kills in this place as a percentage of other kills in the entire game.
 E = Experience gained in this place as a percentage of experience gained in the entire game.
 F = Experience gained in this place divided by the number of levels of this place that you have seen.
                   A       B       C       D       E      F
               +-------+-------+-------+-------+-------+----------------------
         Total | 100.0 | 100.0 |  -nan |  -nan | 100.0 |  54.0
       Dungeon | 100.0 | 100.0 |  -nan |  -nan | 100.0 |  64.8
               +-------+-------+-------+-------+-------+----------------------
